AoeStats
← RODBRA

MegaRandom

508322831Analyzed
3v3 RM · 9d ago on Sep 21, 2026· 69m 1s· 6 players
Game mode
Random Map
Map size
Normal (6 player)
Population
200
Speed
Normal
Resources
Standard
Victory
Conquest
Starting age
Dark Age
Ending age
Imperial Age
RankedLock teamsTeams togetherTeam positionsShared explorationLock speedFull tech treeHidden civsTurbo modeCheats
Victory
Defeat
🇮🇹 Sicilians · Italy
762
+12
🇹🇷 Franks · Türkiye
741
+13
🇵🇱 Slavs · Poland
709
+15
🇨🇦 Turks · Canada
703
-14
🇲🇽 Vietnamese · Mexico
679
-13
🇧🇷 Khmer · Brazil
658
-13
mowmipirat
5:01 Loom
15:31 Feudal Age
15:59 Double-Bit Axe
16:00 Horse Collar
18:17 Gold Mining
23:37 Castle Age
23:57 Pikeman
25:45 Heavy Plow
28:21 Bow Saw
29:55 Forging
29:46 Scale Mail Armor
34:28 Iron Casting
34:00 Scale Barding Armor
33:46 Fletching
34:42 Gold Shaft Mining
34:33 Caravan
35:39 Husbandry
35:53 Bloodlines
36:43 Chain Barding Armor
39:22 Wheelbarrow
39:32 Squires
42:27 Hand Cart
41:57 Town Watch
43:19 Chain Mail Armor
43:51 Detinets
44:10 Masonry
44:12 Fortified Wall
48:35 Imperial Age
47:35 Bodkin Arrow
49:40 Elite Boyar
51:48 Capped Ram
52:38 Halberdier
54:14 Siege Ram
58:27 Crop Rotation
59:04 Two-Man Saw
58:39 Elite Skirmisher
60:21 Heavy Scorpion
63:46 Padded Archer Armor
64:48 Blast Furnace
64:24 Plate Barding Armor
64:23 Plate Mail Armor
filippo.samer
17:01 Feudal Age
17:25 Horse Collar
17:34 Double-Bit Axe
20:04 Wheelbarrow
26:48 Castle Age
31:37 Bow Saw
31:30 Heavy Plow
32:08 Squires
31:53 Arson
33:24 Caravan
34:10 Gold Mining
35:32 Hand Cart
42:31 Imperial Age
40:52 Forging
40:43 Scale Mail Armor
40:34 Fletching
40:29 Pikeman
43:48 Crop Rotation
44:25 Husbandry
44:36 Bloodlines
43:47 Light Cavalry
43:48 Cavalier
45:32 Chemistry
44:17 Arrowslits
44:54 Ballistics
44:45 Masonry
50:13 Scale Barding Armor
50:24 Chain Mail Armor
50:05 Bodkin Arrow
50:46 Iron Casting
51:17 Capped Ram
56:11 Chain Barding Armor
56:22 Plate Mail Armor
56:53 Blast Furnace
Mordecai
3:21 Loom
16:18 Feudal Age
16:53 Double-Bit Axe
19:24 Wheelbarrow
20:58 Wheelbarrow
22:30 Gold Mining
22:31 Stone Mining
24:36 Scale Mail Armor
24:47 Forging
24:39 Padded Archer Armor
24:29 Fletching
27:18 Castle Age
25:36 Man-at-Arms
26:31 Scale Barding Armor
29:17 Iron Casting
29:00 Chain Mail Armor
29:40 Bodkin Arrow
30:26 Gold Shaft Mining
29:57 Pikeman
30:37 Squires
32:08 Husbandry
32:02 Gambesons
33:22 Bow Saw
34:42 #83
35:29 Leather Archer Armor
36:11 Hand Cart
39:38 Chain Barding Armor
46:43 Light Cavalry
51:45 Imperial Age
51:51 Elite Throwing Axeman
53:07 Hoardings
52:53 Conscription
54:33 Chivalry
53:57 Cavalier
sinko peso
9:44 Loom
14:25 Feudal Age
17:06 Horse Collar
19:12 Wheelbarrow
21:34 Double-Bit Axe
21:45 Gold Mining
22:20 Man-at-Arms
26:35 Arson
28:58 Castle Age
28:47 Forging
28:38 Scale Mail Armor
28:39 Padded Archer Armor
28:30 Fletching
28:47 Scale Barding Armor
28:55 Bloodlines
32:54 Hand Cart
32:53 Bow Saw
32:36 Stone Mining
32:52 Heavy Plow
39:22 Husbandry
39:42 Squires
41:16 Chatras
42:48 Elite Skirmisher
43:17 Pikeman
47:33 Iron Casting
47:15 Chain Mail Armor
46:55 Bodkin Arrow
54:14 Imperial Age
52:51 Leather Archer Armor
52:58 Chain Barding Armor
54:24 Imperial Skirmisher
58:29 Two-Man Saw
59:13 Plate Mail Armor
61:44 Paper Money
62:51 Chemistry
aelenon
6:33 Loom
15:17 Feudal Age
17:05 Bloodlines
25:04 Castle Age
28:57 Fervor
29:55 Horse Collar
32:13 Husbandry
35:18 Wheelbarrow
35:11 Gold Mining
38:36 Heavy Plow
38:25 Double-Bit Axe
42:07 Hand Cart
42:00 Caravan
45:39 Imperial Age
48:06 Conscription
47:21 Elite Janissary
48:00 Fletching
50:31 Bodkin Arrow
50:37 Padded Archer Armor
50:49 Forging
50:45 Scale Barding Armor
RODBRA
5:51 Loom
19:49 Feudal Age
22:01 Wheelbarrow
21:14 Double-Bit Axe
21:14 Horse Collar
21:59 Arson
23:24 Gold Mining
27:04 Padded Archer Armor
26:54 Fletching
30:11 Castle Age
31:23 Hand Cart
31:22 Bow Saw
32:19 Gold Shaft Mining
31:48 Heavy Plow
31:22 Crossbowman
32:23 Leather Archer Armor
33:41 Stone Mining
34:56 Bodkin Arrow
35:48 Stone Shaft Mining
43:49 Imperial Age
41:29 Tusk Swords
43:31 Coinage
44:15 Caravan
45:05 Conscription
45:21 Hoardings
44:11 Arbalester
46:05 Chemistry
50:02 Banking
50:18 Stone Shaft Mining
51:15 Crop Rotation
50:55 Double Crossbow
58:56 Scale Barding Armor
58:52 Scale Mail Armor
59:03 Forging
Connection lost

Rejoining the realm…

Still unreachable

The connection could not be restored.

Session expired

The server has moved on; the page needs a fresh start.